[Event "*** Titled Tuesday Blitz"]
[Site "Chess.com"]
[Date "2019.11.05"]
[Round "8"]
[White "Genghis_K"]
[Black "nailbeshirli"]
[Result "0-1"]
[WhiteElo "2907"]
[BlackElo "2701"]
[TimeControl "180+2"]
[EndTime "14:55:44 PST"]
[Termination "nailbeshirli won by resignation"]

1. d4 Nf6 2. c4 e6 3. Nc3 Bb4 4. Qc2 c5 5. dxc5 Na6 6. a3 Bxc3+ 7. Qxc3 Nxc5 8. b4 Nce4 9. Qb2 d5 10. c5 d4 11. e3 Ng4 12. Nh3 dxe3 13. Bxe3 Nxe3 14. fxe3 O-O 15. Rd1 Qh4+ 16. Nf2 Nf6 17. Be2 Qg5 18. O-O e5 19. Bf3 Re8 20. e4 Bd7 21. Qd2 Qg6 22. Qe3 Rad8 23. Rd6 Bc6 24. Rfd1 Rxd6 25. Rxd6 h6 26.
g3 Qg5 27. Qxg5 hxg5 28. g4 Rc8 29. Rd2 a5 30. Kg2 Kf8 31. Rb2 axb4 32. axb4 Rd8 33. b5 Be8 34. Be2 Ke7 35. Kf3 Nd7 36. Nd3 Rc8 37. Rc2 f6 38. Ke3 Nf8 39. Nb4 Ne6 40. c6 bxc6 41. bxc6 Nd4 42. Rc1 Nxe2 43. Kxe2 Kd6 44. Rd1+ Kc5 45. Nd5 Bxc6 46. Ne7 Rc7 47. Rc1+ Kb6 48. Rb1+ Bb5+ 49. Rxb5+ Kxb5 50. Nd5 Rc2+ 51. Kd3 Rxh2 52. Ne7 Rh3+ 53. Ke2 Kc4 54. Nf5 Rh2+ 55. Ke3 g6 56. Ne7 Kc3 57. Nxg6 Rh3+ 58. Ke2 Kd4 59. Ne7 Kxe4 60. Nf5 Rh2+ 61. Kf1 Kf4 62. Kg1 Ra2 63. Kf1 Kxg4 64. Ne3+ Kf3 0-1

[Event "*** Titled Tuesday Blitz"]
[Site "Chess.com"]
[Date "2019.11.05"]
[Round "8"]
[White "Crazy_girl99"]
[Black "snowlord"]
[Result "1-0"]
[WhiteElo "2556"]
[BlackElo "2706"]
[TimeControl "180+2"]
[EndTime "14:55:44 PST"]
[Termination "Crazy_girl99 won by resignation"]

1. e4 c5 2. Nf3 Nc6 3. Bb5 e6 4.
O-O Nge7 5. Re1 a6 6. Bf1 d5 7. exd5 Qxd5 8. Nc3 Qd8 9. Ne4 Nf5 10.
d3 Be7 11. g3 O-O 12. Bg2 b6 13. h4 Bb7 14. h5 Nfd4 15. Nxd4 Qxd4 16. Be3 Qd7 17.
h6 g6 18. a4 Nd4 19. c3 Nf5 20. Bf4 Rad8 21. Qb3 Qxd3 22. Rad1 c4 23. Qxb6 Qxd1 24. Rxd1 Rxd1+ 25. Kh2 Rd7 26. Bf3 Rfd8 27. Kh3 Kf8 28. Bg2 Bd5 29. g4 Nh4 30. Bh1 f5 31. gxf5 exf5 32.
Ng5 Bxh1 33. Kxh4 Rd1 34. f3 Bxf3 35. Kg3 Bd5 36. Nxh7+ Ke8 37. Nf6+ Kf7 38. Nxd5 R8xd5 39. h7 Rh1 40. Qxa6 Rxh7 41. Qxc4 Ke6 42. a5 g5 43. Bc1 Bd6+ 44. Kg2 Rh2+ 45. Kg1 g4 46. Be3 Rh3 47. Bd4 f4 48. Qc8+ Ke7 49. Qb7+ Ke6 50. a6 f3 51. a7 Bh2+ 52. Kf2 g3+ 53. Kxf3 Rf5+ 54. Ke2 Rh8 55. a8=Q Rxa8 56. Qxa8 Kf7 57.
Qb7+ Kg6 58. Qc6+ Kg5 59. b4 Kg4 60. Qe4+ Rf4 61. Qg2 Rf8 62. b5 Re8+ 63. Kd3 Re1 64. b6 Rd1+ 65. Kc4 Rb1 66. b7 Kf5 67. Ba7 1-0

[Event "*** Titled Tuesday Blitz"]
[Site "Chess.com"]
[Date "2019.11.05"]
[Round "8"]
[White "HrvojeZagreb"]
[Black "gemarin"]
[Result "1/2-1/2"]
[WhiteElo "2168"]
[BlackElo "2125"]
[TimeControl "180+2"]
[EndTime "14:55:44 PST"]
[Termination "Game drawn by repetition"]

1. d4 d5 2. Bf4 c6 3. c3 Nf6 4. e3 Qb6 5. Qb3 Bf5 6. Nd2 Nbd7 7.
Ngf3 e6 8. Ne5 h6 9. h3 Be7 10. g4 Bh7 11. Be2 Nxe5 12. Bxe5 O-O 13. O-O Nd7 14. Bg3 f5 15. Qxb6 axb6 16. a3 Bf6 17.
Nf3 Rfe8 18. Ne5 Nxe5 19. Bxe5 Bxe5 20. dxe5 fxg4 21. hxg4 Rf8 22. f4 Rf7 23. Kf2 Raf8 24. Kg3 g5 25. Rf2 c5 26. Rd1 Kg7 27. b4 Bg6 28. a4 Ra8 29. Ra1 Rc7 30. f5 Bf7 31. fxe6 Bxe6 32. Rf6 Bd7 33. Rxb6 cxb4 34. cxb4 Rxa4 35. Rxa4 Bxa4 36. Bd3 Be8 37. Rd6 Rc3 38. Rxd5 Bc6 39. Rd6 Rb3 40. b5 Bxb5 41. Rg6+ Kf7 42. Rf6+ Kg7 43. Rg6+ Kf8 44. Bxb5 Rxb5 45.
e6 Re5 46. Rxh6 Rxe3+ 47. Kf2 Re5 48. Rh7 b5 49. Rb7 Ke8 50. Kf3 Kf8 51. Kf2 Rxe6 52. Rxb5 Rg6 53. Kf3 Kg7 54. Rb7+ Kh6 55. Ke4 Rf6 56.
Rb5 Rf4+ 57. Ke3 Rxg4 58. Kf3 Rd4 59. Rb6+ Kh5 60. Rb8 Rd3+ 61. Kg2 Ra3 62. Rb4 Rc3 63. Rd4 Ra3 64. Rb4 Ra2+ 65. Kg3 Rc2 66. Ra4 Rc3+ 67. Kg2 Rd3 68. Rb4 g4 69. Rb8 Rd2+ 70. Kg3 Rd3+ 71.
Kg2 Kg5 72. Rg8+ Kf5 73. Rf8+ Kg6 74. Rg8+ Kh5 75. Rh8+ Kg5 76. Rg8+ Kf4 77. Rf8+ Kg5 78. Rg8+ 1/2-1/2

[Event "*** Titled Tuesday Blitz"]
[Site "Chess.com"]
[Date "2019.11.05"]
[Round "8"]
[White "rasmussvane"]
[Black "GadimbayliA"]
[Result "0-1"]
[WhiteElo "2844"]
[BlackElo "2941"]
[TimeControl "180+2"]
[EndTime "14:55:48 PST"]
[Termination "GadimbayliA won on time"]

1. Nf3 d5 2. g3 Nc6 3. d4 Bg4 4.
Bg2 Qd7 5. h3 Bxf3 6. Bxf3 O-O-O 7. Bg2 e5 8. dxe5 Nxe5 9. c3 Nf6 10. Be3 Kb8 11. Nd2 Bd6 12. Qb3 c6 13. O-O-O Rhe8 14. Rhe1 Qc7 15. Bg5 h6 16. Bxf6 gxf6 17. e4 Nd3+ 18. Kb1 Nxe1 19. Rxe1 Bc5 20. Rf1 dxe4 21. Nxe4 Bb6 22. g4 Qf4 23. Qc2 Re7 24. a3 Rde8 25.
f3 Rd8 26. Ka2 f5 27. gxf5 Qxf5 28. c4 Red7 29. c5 Rd2 30. Qb3 Rxg2 31. cxb6 Qd5 32. bxa7+ Kxa7 33. Qxd5 Rxd5 34. Rc1 Rb5 35. Rb1 Rh2 36.
Nd6 Rd5 37. Nxf7 Rxh3 38. f4 Rf5 39. Nd6 Rxf4 40. Re1 Rd4 41. Nf5 Rd2 42. Ne3 h5 43. Nc4 Rd4 44. Na5 Rd5 45. Nc4 h4 46. Re7 Rh2 47.
a4 h3 48. Rh7 Rd4 49. Kb3 Rd3+ 50. Kb4 Re2 51. b3 h2 52. Na5 Rd4+ 53. Kc3 Rd1 54. Nxc6+ Kb6 55. Nd4 Re3+ 56. Kb4 h1=Q 57. a5+ Ka6 58.
Rxh1 Rxh1 0-1

[Event "*** Titled Tuesday Blitz"]
[Site "Chess.com"]
[Date "2019.11.05"]
[Round "8"]
[White "IvanRadivojevic"]
[Black "Zq1"]
[Result "1-0"]
[WhiteElo "2518"]
[BlackElo "2596"]
[TimeControl "180+2"]
[EndTime "14:55:54 PST"]
[Termination "IvanRadivojevic won by resignation"]

1. e4 c5 2. Nc3 g6 3. f4 Bg7 4. Nf3 Nc6 5. Bb5 Nd4 6. O-O a6 7. Bd3 d6 8. Nxd4 cxd4 9. Ne2 Nf6 10. b3 O-O 11. Bb2 e5 12. c3 dxc3 13. Bxc3 d5 14. exd5 e4 15. Bc2 Qxd5 16. Ng3 Re8 17. Qe1 Bd7 18. h3 Bc6 19. Qe3 h5 20. Rae1 h4 21.
Ne2 Bb5 22. a4 Bd3 23. Bd1 Rac8 24. Rf2 Nh5 25. Bxg7 Nxg7 26. Nc3 Qc5 27. Bg4 Qxe3 28. Rxe3 f5 29. Bd1 Red8 30. g3 hxg3 31. Rxg3 Kf7 32. Rfg2 Rd6 33. b4 Rh8 34. Kh2 Rh4 35. Bb3+ Kf8 36. Rxg6 Rxg6 37. Rxg6 Rxf4 38. Rf6+ Ke8 39. Rb6 Rf2+ 40. Kg3 Rxd2 41. Rxb7 Rb2 42. Bd5 Nh5+ 43. Kh4 Nf4 44. Bc6+ Kf8 45. Kg5 Rf2 46. b5 axb5 47. axb5 e3 48. b6 e2 49. Rb8+ Ke7 50. Re8+ Kd6 51.
b7 Nxh3+ 52. Kf6 e1=Q 53. Rxe1 Rb2 54. Nb5+ Kxc6 55. b8=Q Rxb5 56. Re6+ Kd5 57. Qe5+ Kc4 58. Rc6+ 1-0

[Event "*** Titled Tuesday Blitz"]
[Site "Chess.com"]
[Date "2019.11.05"]
[Round "8"]
[White "deBaller"]
[Black "KL31"]
[Result "1-0"]
[WhiteElo "2358"]
[BlackElo "2486"]
[TimeControl "180+2"]
[EndTime "14:55:55 PST"]
[Termination "deBaller won on time"]

1. e4 e6 2. d4 d5 3. Nd2 c5 4. exd5 Qxd5 5. Ngf3 cxd4 6. Bc4 Qd6 7. O-O Nc6 8. Nb3 a6 9. Nbxd4 Nxd4 10. Nxd4 Qc7 11. Qe2 Bd6 12. Re1 Ne7 13. h3 O-O 14. Bd3 Ng6 15.
c3 Nf4 16. Bxf4 Bxf4 17. Qe4 g6 18. Rad1 Rb8 19. g3 Bh6 20. Kh2 b5 21. Qc6 Qa7 22. Re2 Bb7 23. Qc7 Rbc8 24. Qa5 Bg7 25. Be4 e5 26. Nxb5 Qb8 27. Bxb7 Qxb7 28. Nd6 Qf3 29. Rdd2 Rcd8 30. Qxa6 Bh6 31. Qd3 Qf6 32. Ne4 Qe7 33. Qc2 Bxd2 34. Nxd2 f5 35. Qb3+ Kg7 36. Nc4 e4 37. a4 f4 38. g4 f3 39. Re3 Rb8 40. Qd1 Rfd8 41. Qxf3 Qc7+ 42. Qg3 Qxc4 43. Qe5+ Kg8 44.
Rxe4 Qf7 45. Rf4 Re8 46. Qd6 Qg7 47. Qd5+ Kh8 48. Rf7 Qe5+ 49. Qxe5+ Rxe5 50. b4 Rc8 51. a5 Rxc3 52. a6 Ra3 53. a7 Re8 54. b5 Kg8 55.
Rc7 Rb3 56. Rb7 Rf8 57. Rb8 Kf7 58. Rxf8+ Kxf8 59. a8=Q+ 1-0

[Event "*** Titled Tuesday Blitz"]
[Site "Chess.com"]
[Date "2019.11.05"]
[Round "8"]
[White "Misha_Bilous"]
[Black "riconaipe"]
[Result "0-1"]
[WhiteElo "2492"]
[BlackElo "2618"]
[TimeControl "180+2"]
[EndTime "14:55:56 PST"]
[Termination "riconaipe won on time"]

1. d4 d5 2. c4 e6 3. Nc3 a6 4. c5 b6 5. cxb6 cxb6 6. Bf4 Bd6 7. e3 Nf6 8. Nf3 Bxf4 9. exf4 O-O 10. Bd3 b5 11. O-O b4 12. Na4 Ne4 13. Qe1 Qa5 14. Bxe4 dxe4 15. Qxe4 Ra7 16. Nc5 Nd7 17. Rfc1 Nf6 18.
Qe2 Bb7 19. Ne5 Bd5 20. a3 h5 21. axb4 Qxb4 22. Ra4 Qb6 23. Rca1 Rb8 24. b4 Rc7 25. Nxa6 Ra7 26. Nxb8 Rxa4 27. Rxa4 Qxd4 28. h3 Qxf4 29. Qe3 Qf5 30. Ra1 Ne4 31. Nf3 Nd6 32. Na6 Nc4 33.
Qe2 e5 34. Nc5 e4 35. Nd2 Nd6 36. Re1 Qg6 37. Ndxe4 Nf5 38. Qd2 Bc6 39. Qe2 Nd4 40. Qe3 Nf5 41. Qf4 Nd4 42. Qd6 Nf3+ 43. Kf1 Bb5+ 44.
Nd3 Qxd6 45. Nxd6 Bxd3+ 46. Re2 Nd4 47. b5 Bxe2+ 48. Ke1 Nxb5 49. Nf5 Bc4 50. Ne3 Be6 51. Kd2 g6 52. Kd3 Nd6 53. Kd4 Kf8 54. Ke5 Ke7 55. Kf4 Kf6 56. h4 Nc4 57. Nc2 Ne5 58. Nb4 Bc4 0-1

[Event "*** Titled Tuesday Blitz"]
[Site "Chess.com"]
[Date "2019.11.05"]
[Round "8"]
[White "cukus"]
[Black "Marcus_Harvey"]
[Result "0-1"]
[WhiteElo "2457"]
[BlackElo "2634"]
[TimeControl "180+2"]
[EndTime "14:56:05 PST"]
[Termination "Marcus_Harvey won by resignation"]

1. e4 c6 2. d4 d5 3. Nd2 dxe4 4.
Nxe4 Nf6 5. Nxf6+ exf6 6. c3 Bd6 7. Bd3 O-O 8. Ne2 Re8 9. O-O Nd7 10.
Bf4 Qc7 11. Bxd6 Qxd6 12. Qc2 Nf8 13. Rfe1 Bg4 14. Ng3 Ng6 15. h3 Bd7 16. Bxg6 hxg6 17. Qd2 f5 18. Rxe8+ Rxe8 19. Re1 Re6 20. Rxe6 Qxe6 21. b3 Qd6 22. c4 b5 23. Ne2 bxc4 24. bxc4 Be6 25. Qc3 g5 26. d5 cxd5 27. c5 Qa6 28. Nd4 Bc8 29. c6 Qxa2 30. Qe3 Qb1+ 31.
Kh2 Qe4 32. Qxg5 f6 33. Qg6 a5 34. Nb5 a4 35. g3 Qe2 36. Kg1 d4 37. Nxd4 Qe1+ 38. Kg2 Qe4+ 39. Kh2 a3 40. c7 a2 41. Nb3 Bb7 42. f3 Qe2+ 43. Kg1 Qe1+ 44. Kg2 Qe2+ 45. Kg1 Qe3+ 46. Kf1 Qxf3+ 47. Ke1 Qc3+ 48. Kf2 Qc2+ 49. Ke1 Qb1+ 50. Kf2 Qb2+ 51. Ke1 a1=Q+ 52. Nxa1 Qxa1+ 53. Kd2 Qd4+ 54. Ke1 Qe3+ 55. Kd1 Bf3+ 56. Kc2 Qc5+ 57. Kd2 Qxc7 58. Qe8+ Kh7 59. Qe3 Qa5+ 60. Kc2 Be4+ 61. Kb3 Qb5+ 62. Kc3 Qc6+ 63. Kd2 Qd5+ 64.
Ke1 Qa5+ 65. Kf2 Qa2+ 66. Ke1 Qb1+ 67. Kf2 Qc2+ 68. Ke1 Qd3 69. Qf4 Qc3+ 70. Kf2 Qd4+ 71. Ke1 g5 72. Qc7+ Kg6 73. Qb8 Qe3+ 74. Kd1 Bf3+ 75.
Kc2 Qe2+ 76. Kc3 Qe5+ 77. Qxe5 fxe5 0-1

[Event "*** Titled Tuesday Blitz"]
[Site "Chess.com"]
[Date "2019.11.05"]
[Round "8"]
[White "Gabrielian_Artur"]
[Black "vinniethepooh"]
[Result "1-0"]
[WhiteElo "2828"]
[BlackElo "2694"]
[TimeControl "180+2"]
[EndTime "14:56:19 PST"]
[Termination "Gabrielian_Artur won by resignation"]

1. e4 c5 2. Nc3 d6 3. d4 cxd4 4. Qxd4 Nc6 5. Bb5 Bd7 6. Bxc6 Bxc6 7. Nf3 Nf6 8. Bg5 e6 9. O-O-O Be7 10. Rhe1 O-O 11. Qd3 Qa5 12. Kb1 h6 13. Bd2 Qa6 14. Qxa6 bxa6 15. Nd4 Rfc8 16. Nxc6 Rxc6 17. f3 Rb8 18. b3 Nd7 19. Ne2 Bf6 20. Bf4 Be5 21.
Bxe5 Nxe5 22. Rd4 Rbc8 23. c4 Kf8 24. Red1 Ke7 25. Nc3 g5 26. Kb2 Rb8 27. Kc2 Rbc8 28. R4d2 h5 29. Ne2 h4 30. Nd4 Rb6 31. g3 Ng6 32. Re1 hxg3 33. hxg3 Rh8 34. Rf2 Rh3 35. Rg1 Ne5 36. f4 Ng4 37. Re2 Kd7 38. a4 Rb8 39. f5 Rbh8 40. fxe6+ fxe6 41. Nf3 R3h5 42. Rd1 Ke7 43. e5 dxe5 44. Nxe5 Rh2 45. Rd7+ Ke8 46. Rdd2 Rxe2 47. Rxe2 Nxe5 48. Rxe5 Ke7 49. Rxg5 Rh2+ 50.
Kc3 Rg2 51. Rg7+ Kf6 52. Rxa7 Rxg3+ 53. Kb4 e5 54. Rxa6+ Kf5 55. Ra8 e4 56. Re8 e3 57.
Kc5 Kf4 58. Kd4 e2 59. Rxe2 Rxb3 60. c5 Ra3 61. c6 Rxa4+ 62. Kd5 Ra5+ 63. Kd6 Ra3 64.
c7 Rd3+ 65. Kc6 Rc3+ 66. Kd7 Rd3+ 67. Kc8 Kf5 68. Rb2 1-0

[Event "*** Titled Tuesday Blitz"]
[Site "Chess.com"]
[Date "2019.11.05"]
[Round "8"]
[White "codapbg94"]
[Black "davigator"]
[Result "1-0"]
[WhiteElo "2163"]
[BlackElo "2284"]
[TimeControl "180+2"]
[EndTime "14:56:20 PST"]
[Termination "codapbg94 won by resignation"]

1. e4 c5 2. Nf3 Nc6 3. Bb5 g6 4. Bxc6 bxc6 5. O-O Bg7 6. c3 Nf6 7. e5 Nd5 8. d4 cxd4 9. cxd4 O-O 10. Re1 d6 11. h3 Rb8 12. b3 a5 13. Bd2 Bf5 14.
Nc3 Nb4 15. Nh4 Bc2 16. Qc1 e6 17. a3 Nd3 18. Qxc2 Nxe1 19. Qe4 dxe5 20. Bxe1 f5 21. Qxc6 Qxh4 22. Qxe6+ Kh8 23. dxe5 Qd4 24. Rd1 Qxe5 25. Qxe5 Bxe5 26. Rd5 Bg7 27. Rxa5 Rxb3 28. Nd5 Re8 29. Bb4 Be5 30. f4 Bd4+ 31. Kh2 Rb2 32. Nc7 Ree2 33. Ra8+ Kg7 34. Ne6+ Kf7 35. Nxd4 Rxg2+ 36. Kh1 Rgf2 37. Kg1 Rxf4 38. Nc6 Re4 39. Ra7+ Ke8 40.
Rxh7 Rc4 41. Rh8+ Kf7 42. Ne5+ Kg7 43. Nxc4 Rb1+ 44. Kg2 Kxh8 45. Kg3 Kg7 46. Ne5 Kf6 47. Nc6 g5 48. a4 Rb3+ 49. Kg2 Rb2+ 50. Kf3 Rb3+ 51.
Kg2 f4 52. a5 Rb2+ 53. Kf3 Ra2 54. Nb8 Kf5 55. a6 Ra4 56. Bc5 Ra5 57. a7 Ra1 58. Bb6 Ra3+ 59. Kf2 Ke4 60. Nc6 Ra2+ 61. Ke1 f3 62.
Na5 f2+ 63. Kf1 Kf3 64. a8=Q+ Kg3 65. Bxf2+ Rxf2+ 66. Kg1 Rf3 67. Qc8 Rf4 68. Nb3 Rb4 69.
Nc1 Rf4 70. Qd7 Re4 71. Qd1 Kxh3 72. Qf3+ Kh4 73. Qxe4+ g4 74. Qd5 Kh3 75. Qe4 Kh4 76.
Qe3 g3 77. Kg2 Kg4 78. Qxg3+ Kf5 79. Qf3+ Ke5 80. Qg4 Kd5 81. Qf4 Kc5 82. Qe4 Kb5 83. Qd4 Kc6 84. Qe5 Kb6 85. Qd5 Kc7 86. Qe6 Kb7 87. Qd6 Ka8 88. Qb4 Ka7 89. Kf3 Ka8 90.
Ke4 1-0

[Event "*** Titled Tuesday Blitz"]
[Site "Chess.com"]
[Date "2019.11.05"]
[Round "8"]
[White "Korchmar_Vasiliy"]
[Black "severomorskij"]
[Result "0-1"]
[WhiteElo "2725"]
[BlackElo "2890"]
[TimeControl "180+2"]
[EndTime "14:56:22 PST"]
[Termination "severomorskij won by resignation"]

1. d4 Nf6 2. c4 e6 3. g3 d5 4. Bg2 Bb4+ 5. Nd2 O-O 6. Nf3 b6 7. O-O Bb7 8. Ne5 a5 9. cxd5 exd5 10. Ndc4 Re8 11. Bf4 h6 12. Rc1 Ra7 13. Na3 c6 14. Nc2 Bf8 15. Ne1 Ba8 16. N1d3 Rae7 17. Re1 Bb7 18.
h4 Nh5 19. Bd2 g6 20. b4 axb4 21. Bxb4 c5 22. dxc5 Rxe5 23. Nxe5 Rxe5 24. Bc3 Re8 25. cxb6 Qxb6 26. Rb1 Qc7 27. Qb3 Ba8 28. Rec1 Nc6 29. e3 Nxg3 30. fxg3 Rxe3 31. Qc2 Qxg3 32. Be1 Qg4 33.
Bf2 Re2 34. Qd3 Rxf2 35. Kxf2 Qxh4+ 36. Qg3 Qd4+ 37. Qe3 Qh4+ 38. Qg3 Qf6+ 39. Qf3 Qe7 40. Kg1 Ne5 41. Qe3 d4 42. Qd2 Bxg2 43. Qxg2 d3 44. Re1 Qc5+ 45. Kh1 Qd4 46. Rbd1 Bg7 47. Qg3 Qd5+ 48. Qg2 Qd4 49. Qg3 h5 50. Qg2 Qh4+ 51.
Kg1 Qd4+ 52. Qf2 Qg4+ 53. Qg2 Nf3+ 54. Kf2 Qxg2+ 55. Kxg2 Nxe1+ 56. Rxe1 d2 57. Rd1 Bc3 58. Kf3 g5 59. Ke2 Kg7 60. a4 h4 61. Rb1 h3 62. a5 Bxa5 63. Rb5 h2 64. Rxg5+ Kh6 65. Rg8 d1=Q+ 0-1

[Event "*** Titled Tuesday Blitz"]
[Site "Chess.com"]
[Date "2019.11.05"]
[Round "8"]
[White "Manukyan_Artak"]
[Black "saraswathii"]
[Result "1/2-1/2"]
[WhiteElo "2382"]
[BlackElo "2223"]
[TimeControl "180+2"]
[EndTime "14:56:23 PST"]
[Termination "Game drawn by agreement"]

1. e4 c5 2. Nf3 e6 3. c3 Nf6 4. e5 Nd5 5. d4 cxd4 6. cxd4 Nc6 7. Nc3 Nxc3 8. bxc3 d6 9. Bf4 dxe5 10. Nxe5 Bd6 11. Bb5 O-O 12. Nxc6 bxc6 13. Bxc6 Rb8 14. Bxd6 Qxd6 15. Bf3 Qa3 16. Qc1 Qxc1+ 17. Rxc1 Rb2 18.
O-O Ba6 19. Rb1 Rfb8 20. Rxb2 Rxb2 21. Rc1 Rxa2 22. d5 Kf8 23. g4 Ke7 24. c4 Ra4 25. dxe6 Bxc4 26. exf7 Bxf7 27. Rc7+ Kf6 28. Kg2 h6 29. h4 Be6 30. Kg3 a5 31. Ra7 Ra3 32. Kg2 a4 33. Ra6 Ke5 34. Ra5+ Kf4 35. Ra6 Bc8 36.
Ra8 Bxg4 37. Bxg4 Kxg4 38. Rg8 g5 39. hxg5 hxg5 40. Ra8 Ra1 41. Ra5 Kf4 42. Ra6 a3 43. Ra4+ Kf5 44. Ra5+ Kg4 45. Ra4+ Kh5 46. Ra8 a2 47.
Ra3 Kg4 48. Ra4+ Kf5 49. Ra5+ Ke4 50. Ra3 Kd4 51. Ra7 Kc5 52. Ra3 Kb4 53. Ra7 Kb3 54.
Rb7+ Kc4 55. Rc7+ Kb5 56. Ra7 g4 57. Ra8 Kb4 58. Rb8+ Kc4 59. Rc8+ Kd4 60. Rd8+ Ke5 61. Ra8 Kd6 62. Ra6+ Kc7 63. Ra3 Kb6 64. Ra8 Kb5 65. Rb8+ Kc4 66. Rc8+ Kd3 67. Rd8+ Ke4 68. Ra8 g3 69. fxg3 Kd4 70. g4 Ke5 71. Ra5+ Kf4 72. g5 Rb1 73. Rxa2 Kxg5 74. Ra4 Kf5 1/2-1/2

[Event "*** Titled Tuesday Blitz"]
[Site "Chess.com"]
[Date "2019.11.05"]
[Round "8"]
[White "MITerryble"]
[Black "Firouzja2003"]
[Result "1/2-1/2"]
[WhiteElo "2877"]
[BlackElo "3062"]
[TimeControl "180+2"]
[EndTime "14:56:24 PST"]
[Termination "Game drawn by repetition"]

1. d4 Nf6 2. Nf3 g6 3. Bg5 Bg7 4. Nbd2 O-O 5. c3 d6 6. e4 h6 7. Bh4 c5 8. dxc5 dxc5 9. Bc4 Nc6 10. Qe2 Nh5 11. O-O Qc7 12. Qe3 b6 13. Rfe1 Na5 14.
Bd5 Bb7 15. Bg3 Nxg3 16. hxg3 Rad8 17. Bxb7 Qxb7 18. Qe2 Qc6 19. Nb3 Nxb3 20. axb3 a5 21. Red1 Rd6 22. Rxd6 exd6 23. Qd3 Re8 24. Re1 b5 25.
Kf1 Re6 26. Qd5 Qxd5 27. exd5 Rxe1+ 28. Kxe1 f5 29. Nh4 Kf7 30. f4 Kf6 31. Nf3 g5 32.
Kd2 Kg6 33. Ke2 Kh5 34. Kf2 Bf6 35. fxg5 hxg5 36. Nd2 Be5 37. Kf3 g4+ 38. Kf2 Kg5 39. Nf1 Kf6 40. Nd2 Kg5 41. Nf1 b4 42. Nd2 bxc3 43.
bxc3 Bxc3 44. Nc4 Kf6 45. Ke2 Ke7 46. Ne3 Kf6 47. Nc4 Be5 48. Kf2 Ba1 49. Ke2 Bc3 50.
Kf2 Ke7 51. Ke2 Be5 52. Kf2 Kd7 53. Nxa5 Kc7 54. Nc4 Kb7 55. Ke2 Ka6 56. Ne3 Kb5 57. Kd3 Kb4 58. Kc2 Bxg3 59. Nxf5 Bf4 60. g3 Be5 61.
Ne3 Bxg3 62. Nxg4 Bf4 63. Nf6 Be5 64. Ne4 Bf4 65. Nf6 Bh2 66. Ne4 Be5 67. Nd2 Bg3 68.
Ne4 Bh2 69. Nf6 Be5 70. Ne4 Bf4 71. Nf6 1/2-1/2

[Event "*** Titled Tuesday Blitz"]
[Site "Chess.com"]
[Date "2019.11.05"]
[Round "8"]
[White "Indianlad"]
[Black "ChessQueen"]
[Result "1-0"]
[WhiteElo "3002"]
[BlackElo "2679"]
[TimeControl "180+2"]
[EndTime "14:56:30 PST"]
[Termination "Indianlad won by resignation"]

1. c4 Nf6 2. Nc3 e5 3. Nf3 Nc6 4. d3 d5 5. cxd5 Nxd5 6. e4 Nf6 7. Be2 Be7 8. h3 O-O 9. Be3 Re8 10. O-O Bf8 11.
Rc1 h6 12. a3 b6 13. Kh1 Bb7 14. g4 Nd4 15. Rg1 Nxf3 16. Bxf3 c5 17. h4 Qd6 18. g5 hxg5 19. hxg5 Nh7 20. Rg3 g6 21. Kg2 Bg7 22. Nd5 Bxd5 23. exd5 Rad8 24. Be4 Qe7 25. Qg4 Rd7 26. Rh1 Nf8 27. Rgh3 Red8 28. Rh4 Rxd5 29. Qh3 f5 30. gxf6 Qxf6 31. Bxd5+ Rxd5 32. Qg4 Rd7 33. R1h3 Qc6+ 34. Qe4 Qxe4+ 35. dxe4 Ne6 36. Rh1 Bf6 37. Rg4 g5 38. Rg3 Kg7 39. Rc1 Kg6 40. b4 Rc7 41. bxc5 bxc5 42. Rc4 Be7 43. Bc1 Rc6 44. Rb3 a6 45.
Be3 Bd6 46. Rb7 Nc7 47. a4 Kf6 48. Kf3 Ne6 49. Kg4 Nd4 50. Bxg5+ Ke6 51. Rc1 Rc8 52. Rh1 Bf8 53. Rb6+ Rc6 54. Rxc6+ Nxc6 55. Rc1 Na5 56. Rc2 Nb3 57. Be3 Nd4 58. Rc4 a5 59. Kh3 Bd6 60. Kg2 Nb3 61. f3 Nd4 62. Kf2 Kd7 63. Bd2 Nb3 64. Be1 Kc6 65. Ke3 Bc7 66. Bc3 Nd4 67. Bxd4 exd4+ 68. Kd3 Bf4 69. Rc2 Be3 70. Rg2 1-0

[Event "*** Titled Tuesday Blitz"]
[Site "Chess.com"]
[Date "2019.11.05"]
[Round "8"]
[White "SHIVACalypso"]
[Black "NikolaMa2000"]
[Result "1-0"]
[WhiteElo "2280"]
[BlackElo "2028"]
[TimeControl "180+2"]
[EndTime "14:56:35 PST"]
[Termination "SHIVACalypso won by resignation"]

1. Nf3 d5 2. c4 c6 3. d4 Nf6 4. g3 dxc4 5. a4 Bf5 6. Na3 e6 7. Nxc4 Nbd7 8. Bg2 Bb4+ 9. Bd2 Be7 10. O-O O-O 11.
Bf4 Nb6 12. Nce5 Nfd5 13. Bd2 a5 14. Re1 Bg6 15. e4 Nf6 16. Nxg6 hxg6 17. Bc3 c5 18. Qe2 cxd4 19. Nxd4 Rc8 20. Rad1 Nbd7 21. Nb5 Qb6 22. e5 Nd5 23. Bxd5 exd5 24. Rxd5 Nc5 25.
Qc2 Ne6 26. Rd7 Bb4 27. Red1 Nc5 28. R7d6 Rc6 29. Bxb4 axb4 30. Rxc6 bxc6 31. Nd4 Rd8 32. Rc1 Nxa4 33. Nxc6 b3 34. Qe4 Rd2 35. Rf1 Nxb2 36.
Ne7+ Kf8 37. Nd5 Qc6 38. Qb4+ Kg8 39. Qxd2 Nc4 40. Ne7+ Kf8 41. Nxc6 Nxd2 42. Rd1 b2 43. Nd4 b1=Q 44. Rxb1 Nxb1 45. f4 Nc3 46. Kf2 Nd5 47. Kf3 Ke7 48. Nc6+ Ke6 49. Nd4+ Ke7 50. g4 Nc3 51. h4 Nd5 52. f5 gxf5 53. gxf5 Kf8 54. Ke4 Ne7 55. Nf3 Kg8 56. Ng5 f6 57. Ne6 fxe5 58.
Kxe5 Kh7 59. Ng5+ Kh6 60. Ke6 Ng8 61. Kf7 Nf6 62. Ne6 Ne4 63. Nxg7 Ng3 64. f6 Ne4 65. Nf5+ Kh5 66. Kg7 Ng3 67. Nxg3+ Kxh4 68. f7 1-0

[Event "*** Titled Tuesday Blitz"]
[Site "Chess.com"]
[Date "2019.11.05"]
[Round "8"]
[White "timator"]
[Black "GianmarcoVaR"]
[Result "1-0"]
[WhiteElo "2669"]
[BlackElo "2525"]
[TimeControl "180+2"]
[EndTime "14:56:39 PST"]
[Termination "timator won by checkmate"]

1. Nf3 d5 2. d4 c6 3. c4 Nf6 4. Nc3 a6 5. e3 b5 6. cxd5 cxd5 7.
Bd3 Bg4 8. h3 Bxf3 9. Qxf3 e6 10.
O-O Bb4 11. e4 Bxc3 12. bxc3 dxe4 13. Bxe4 Nxe4 14. Qxe4 Qd5 15. Qxd5 exd5 16. Re1+ Kd7 17. Re5 Kc6 18. Re7 Rf8 19. Ba3 Nd7 20. Rae1 Nf6 21. f3 Rfe8 22. Kf2 Rf8 23. R1e5 Ng8 24. Bc5 Nxe7 25. Rxe7 a5 26. a3 h5 27. h4 g6 28. g4 hxg4 29. fxg4 Rh8 30. Kg3 Rae8 31. Rxf7 Re3+ 32. Kf4 Rxc3 33. Kg5 Rh3 34. Rf6+ Kd7 35. Rd6+ Kc7 36. Rxd5 b4 37. axb4 a4 38. Rd6 a3 39.
Ra6 Rb3 40. b5 Rxb5 41. Rxa3 Kc6 42. Ra6+ Kd5 43. Rxg6 Rb1 44. h5 Rg1 45. Be7 Re1 46. Bf6 Rhe8 47. Be5 Rf1 48. h6 Rh1 49. Rg7 Ra8 50.
Rf7 Ra6 51. h7 Ra3 52. h8=Q Rxh8 53. Bxh8 Ra4 54. Be5 Rb4 55. Rf6 Ke4 56. Kh6 Rb1 57. g5 Rh1+ 58. Kg7 Kd5 59. g6 Ra1 60. Kg8 Ra8+ 61.
Kh7 Ra7+ 62. g7 Ke4 63. Kh8 Ra1 64. g8=Q Rh1+ 65. Qh7+ Rxh7+ 66. Kxh7 Kd5 67. Kg7 Ke4 68. Kf7 Kd5 69. Ke7 Kc4 70. Ke6 Kb5 71. d5 Kb6 72. d6 Kc6 73. d7 Kc5 74. d8=Q Kc4 75. Qd4+ Kb5 76. Kd5 Ka5 77. Bc7+ Kb5 78. Qc4# 1-0

[Event "*** Titled Tuesday Blitz"]
[Site "Chess.com"]
[Date "2019.11.05"]
[Round "8"]
[White "Alexander_Donchenko"]
[Black "IMRosen"]
[Result "1/2-1/2"]
[WhiteElo "2764"]
[BlackElo "2607"]
[TimeControl "180+2"]
[EndTime "14:56:48 PST"]
[Termination "Game drawn - insufficient material"]

1. e4 e5 2. Nf3 Nf6 3. d4 exd4 4.
e5 Ne4 5. Qxd4 d5 6. exd6 Nxd6 7.
Nc3 Nc6 8. Qa4 g6 9. Bg5 Be7 10. Bh6 Bf8 11. Bxf8 Kxf8 12. O-O-O Kg7 13. h4 h5 14. Ng5 Bf5 15. Bc4 Ne5 16. Bd5 c6 17.
Qd4 Qf6 18. Bxc6 Nxc6 19. Qxf6+ Kxf6 20. Rxd6+ Kg7 21. Nd5 Rad8 22. Rxd8 Rxd8 23. Ne3 Bc8 24. Rd1 Re8 25. c3 Ne5 26. Rd6 b6 27. Rd4 Bb7 28.
Kc2 Re7 29. a4 f6 30. Nh3 Ng4 31. Nxg4 hxg4 32. Nf4 g5 33. hxg5 fxg5 34. Nh5+ Kg6 35. Ng3 Bxg2 36. Rxg4 Rf7 37. Kb3 Rxf2 38. Rd4 Bh3 39.
Ne4 Be6+ 40. Ka3 Re2 41. a5 bxa5 42. Ng3 Re3 43. Nf1 Re5 44. Nh2 Bd5 45. Ng4 Re4 46. Rxd5 Rxg4 47. Rxa5 Rg1 48. Kb4 Rb1 49. b3 g4 50.
Rxa7 g3 51. Ra8 Kf5 52. Rg8 Kf4 53. c4 Kf3 54. c5 g2 55. c6 g1=Q 56. Rxg1 Rxg1 57.
Kc5 Ke4 58. c7 Rc1+ 59. Kd6 Rc3 60. b4 Rd3+ 61. Kc6 Rc3+ 62. Kb7 Kd5 63. b5 Kd6 64. b6 Kd7 65. Kb8 Rc6 66. Kb7 Rc1 67. Ka7 Ra1+ 68. Kb8 Rc1 69. Kb7 Rc6 70. Ka7 Rc1 71. Ka8 Ra1+ 72.
Kb8 Rc1 73. b7 Rxc7 74. Ka8 Rxb7 75. Kxb7 1/2-1/2